 Dungeon Crawl Stone Soup version 0.26-a0-665-gefeb406119 (webtiles) character file.

Game seed: 10417534088959919791

1302 somkeydreadnuts the Firebug (level 8, -4/58 HPs)
             Began as a Gnoll Fire Elementalist on Oct 14, 2020.
             Was a Believer of Uskayaw.
             Slain by a hornet (13 damage)
             ... while paralysed by a hornet
             ... on level 6 of the Dungeon.
             The game lasted 00:31:01 (5894 turns).

somkeydreadnuts the Firebug (GnFE)                  Turns: 5894, Time: 00:31:01

Health: -4/58      AC:  2    Str: 11 (12) XL:     8   Next: 57%
Magic:  11/17      EV:  2    Int: 18 (19) God:    Uskayaw [**....]
Gold:   386        SH:  0    Dex: 15      Spells: 16/19 levels left

rFire    . . .     SeeInvis .   l - +4 dagger (distort)
rCold    . . .     Faith    .   (no shield)
rNeg     . . .     Spirit   .   a - +0 robe
rPois    .         Reflect  .   (no helmet)
rElec    .         Harm     .   (no cloak)
rCorr    .         Rampage  .   (no gloves)
MR       .....                  (no boots)
Stlth    +++.......             (no amulet)
HPRegen  0.19/turn              u - ring of flight
MPRegen  0.15/turn              (no ring)

@: paralysed
A: distributed training, fangs 1, strong nose
a: Stomp, Line Pass, Renounce Religion, Evoke Flight


You were on level 6 of the Dungeon.
You worshipped Uskayaw.
Uskayaw was noncommittal.
You visited 1 branch of the dungeon, and saw 6 of its levels.

You collected 386 gold pieces.

Inventory:

Hand Weapons
 l - a +4 dagger of distortion (weapon)
 t - the +2 dagger of Dimas {vorpal, *Corrode rF+ Int+3 Dex+3, unknown}
   (You found it on level 4 of the Dungeon)

   It inflicts extra damage upon your enemies.
   It affects your intelligence (+3).
   It affects your dexterity (+3).
   It protects you from fire.
   It may corrode you when you take damage.
 y - a +4 quarterstaff of chaos
Armour
 a - a +0 robe (worn)
Jewellery
 u - a ring of flight (left hand)
Wands
 b - a wand of polymorph (6)
Scrolls
 d - 9 scrolls of identify {unknown}
 e - 4 scrolls of teleportation
 f - 2 scrolls of magic mapping
 g - 3 scrolls of remove curse
 p - a scroll of blinking
Potions
 m - a potion of might
 n - a potion of curing
 r - a potion of brilliance


   Skills:
 + Level 3.4 Fighting
 + Level 3.4 Short Blades
 + Level 3.4 Long Blades
 + Level 3.4 Axes
 + Level 3.4 Maces & Flails
 + Level 3.4 Polearms
 + Level 3.4 Staves
 + Level 3.4 Slings
 + Level 3.4 Bows
 + Level 3.4 Crossbows
 + Level 3.4 Throwing
 + Level 3.4 Armour
 + Level 5.7 Dodging
 + Level 5.4 Stealth
 + Level 3.4 Shields
 + Level 3.4 Unarmed Combat
 + Level 6.1 Spellcasting
 + Level 3.5 Conjurations
 + Level 2.7 Hexes
 + Level 2.7 Summonings
 + Level 2.7 Necromancy
 + Level 2.7 Translocations
 + Level 2.7 Transmutations
 + Level 6.2 Fire Magic
 + Level 2.7 Ice Magic
 + Level 2.7 Air Magic
 + Level 2.7 Earth Magic
 + Level 2.7 Poison Magic
 + Level 3.7 Invocations
 + Level 3.4 Evocations


You had 16 spell levels left.
You knew the following spells:

 Your Spells              Type           Power        Failure   Level
a - Foxfire               Conj/Fire      ###.         1%          1
b - Ensorcelled Hibernat  Hex/Ice        ###...       6%          2

Your spell library contained the following spells:

 Spells                   Type           Power        Failure   Level
 Corona                   Hex            ###....      3%          1
 Conjure Flame            Conj/Fire      ###.....     4%          3
 Inner Flame              Hex/Fire       ###.....     5%          3
 Dazzling Flash           Conj/Hex       ###...       10%         3
 Confusing Touch          Hex            ###.....     12%         3
 Tukima's Dance           Hex            ###.....     12%         3
 Sticky Flame             Conj/Fire      ###.....     16%         4
 Fireball                 Conj/Fire      ###.......   41%         5


Dungeon Overview and Level Annotations

Branches:
Dungeon (6/15)
 Temple: D:4-7

Altars:
Cheibriados
Elyvilon
Trog
Uskayaw

Shops:
D:4 [   D:5 (

Annotations:
Abyss:1 Pikel


Innate Abilities, Weirdness & Mutations

Your experience applies equally to all skills.
You have very sharp teeth.
Your uncanny sense of smell can sniff out nearby items.


Message History

You kill the black bear!
You feel your intelligence returning. The adder bites you.
* * * LOW HITPOINT WARNING * * *
You are poisoned.
The adder poisons you!
You feel better. The hornet stings you!
* * * LOW HITPOINT WARNING * * *
You feel yourself slow down. The adder completely misses you.
The hornet barely misses you.
You hit the adder.
Space bends around the adder.
The adder is almost dead.
You feel yourself speed up. The adder barely misses you. The hornet misses you.
The adder misses you.
You hit the adder.
You kill the adder!
The hornet stings you.
* * * LOW HITPOINT WARNING * * *
You suddenly lose the ability to move!
The hornet stings you!
You die...

### ##.## #.#
#.# #.# #.# ...
#.###########.#
#.#
#.............#
...
#.#############
#y#
#............#
#.#
#.##########y#
#.###.# #@#
#.#...# #.#
#...### #.#
##### #.# #.#
#.# #.# ..#


You could see a hornet.

Vanquished Creatures
  A black bear (D:6)
  An ice beast (D:5)
  2 sky beasts (D:5)
  A lemure (D:4)
  A scorpion (D:4)
  2 bullfrog skeletons (D:5)
  An orc wizard (D:3)
  Crazy Yiuf (D:4)
  2 worker ants (D:4)
  A hound zombie (D:5)
  A hound skeleton (D:5)
  Robin (D:3)
  8 adders
  A white imp (D:5)
  An ufetubus (D:5)
  An ooze (D:1)
  A dart slug (D:4)
  A leopard gecko (D:2)
  6 orcs
  10 bats
  3 giant cockroaches
  14 goblins
  10 hobgoblins
  5 jackals
  2 quokkas
  6 frilled lizards
  A jackal skeleton (D:5)
  16 kobolds
  8 rats
109 creatures vanquished.

Vanquished Creatures (others)
  A quokka (D:5)
  193 foxfires
194 creatures vanquished.

Grand Total: 303 creatures vanquished

Notes
Turn   | Place    | Note
-------+----------+-------------------------------------------
     0 | D:1      | somkeydreadnuts the Gnoll Fire Elementalist began the quest
                  | for the Orb.
     0 | D:1      | Reached XP level 1. HP: 13/13 MP: 6/6
    57 | D:1      | Reached XP level 2. HP: 15/19 MP: 4/7
   702 | D:1      | Reached XP level 3. HP: 25/25 MP: 9/9
   741 | D:1      | Reached skill level 5 in Spellcasting
  1134 | D:2      | Reached skill level 1 in Invocations
  1303 | D:2      | Found a bloodstained altar of Trog.
  1305 | D:2      | Found a hide-covered altar of Uskayaw.
  1308 | D:2      | Found a snail-covered altar of Cheibriados.
  1357 | D:2      | Became a worshipper of Uskayaw the Reveler
  1408 | D:2      | Reached * piety under Uskayaw
  1410 | D:2      | Reached skill level 1 in Fighting
  1410 | D:2      | Reached skill level 1 in Short Blades
  1410 | D:2      | Reached skill level 1 in Long Blades
  1410 | D:2      | Reached skill level 1 in Axes
  1410 | D:2      | Reached skill level 1 in Maces & Flails
  1410 | D:2      | Reached skill level 1 in Polearms
  1410 | D:2      | Reached skill level 1 in Staves
  1410 | D:2      | Reached skill level 1 in Slings
  1410 | D:2      | Reached skill level 1 in Bows
  1410 | D:2      | Reached skill level 1 in Crossbows
  1410 | D:2      | Reached skill level 1 in Throwing
  1410 | D:2      | Reached skill level 1 in Armour
  1410 | D:2      | Reached skill level 1 in Shields
  1410 | D:2      | Reached skill level 1 in Unarmed Combat
  1410 | D:2      | Reached skill level 1 in Evocations
  1410 | D:2      | Reached XP level 4. HP: 24/32 MP: 6/11
  1410 | D:2      | Reached ** piety under Uskayaw
  1918 | D:3      | Reached skill level 1 in Hexes
  1918 | D:3      | Reached skill level 1 in Summonings
  1918 | D:3      | Reached skill level 1 in Necromancy
  1918 | D:3      | Reached skill level 1 in Translocations
  1918 | D:3      | Reached skill level 1 in Transmutations
  1918 | D:3      | Reached skill level 1 in Ice Magic
  1918 | D:3      | Reached skill level 1 in Air Magic
  1918 | D:3      | Reached skill level 1 in Earth Magic
  1918 | D:3      | Reached skill level 1 in Poison Magic
  2308 | D:3      | Reached *** piety under Uskayaw
  2318 | D:3      | Reached **** piety under Uskayaw
  2329 | D:3      | Reached ***** piety under Uskayaw
  2332 | D:3      | Reached XP level 5. HP: 8/37 MP: 0/12
  2618 | D:3      | Noticed Robin
  2663 | D:3      | Killed Robin
  2704 | D:3      | Noticed a big kobold
  2726 | D:3      | Banished a big kobold
  2726 | D:3      | Reached XP level 6. HP: 19/44 MP: 13/13
  3352 | D:4      | Got an iridescent dagger
  3368 | D:4      | Found Qirebed's Antique Armour Emporium.
  3608 | D:4      | Reached skill level 5 in Dodging
  3776 | D:4      | Noticed Pikel
  3784 | D:4      | Banished Pikel
  3784 | D:4      | Reached skill level 5 in Stealth
  3784 | D:4      | Reached XP level 7. HP: 19/51 MP: 11/15
  4145 | D:4      | Found a runed translucent door.
  4146 | D:4      | Noticed Crazy Yiuf
  4160 | D:4      | Killed Crazy Yiuf
  4354 | D:5      | Entered Level 5 of the Dungeon
  4407 | D:5      | Reached XP level 8. HP: 7/57 MP: 11/16
  4724 | D:5      | Found a white marble altar of Elyvilon.
  5154 | D:5      | Learned a level 2 spell: Ensorcelled Hibernation
  5165 | D:5      | Found Tutzyuve's Weapon Boutique.
  5857 | D:6      | Noticed a hornet
  5894 | D:6      | Paralysed by a hornet for 3 turns
  5894 | D:6      | Slain by a hornet

Illustrated notes

Levels and vault maps discovered:
D:1:      lordsloth_arrival_two_stooges, layout_basic
D:2:      layout_basic, minitemple
D:3:      cheibrodos_thug_alley, layout_basic, hangedman_decor_points,
          uniq_robin
D:4:      layout_loops_ring, serial_shops, nicolae_shop_overgrown_old_shop,
          uniq_crazy_yiuf_cottage, uniq_pikel
D:5:      layout_basic, serial_shops, shop, elyvilon_altar_4
D:6:      minmay_spotlight, layout_loops_ring, kennysheep_vampire_church,
          uniq_duvessa, uniq_sigmund

Skill      XL: |  1  2  3  4  5  6  7  8 |
---------------+-------------------------+-----
Conjurations   | 2 3 |  3.5
Spellcasting   | 5 6 |  6.1
Invocations    | 1 2 3 |  3.7
Fighting       | 1 2 3 |  3.4
Short Blades   | 1 2 3 |  3.4
Long Blades    | 1 2 3 |  3.4
Axes           | 1 2 3 |  3.4
Maces & Flails | 1 2 3 |  3.4
Polearms       | 1 2 3 |  3.4
Staves         | 1 2 3 |  3.4
Slings         | 1 2 3 |  3.4
Bows           | 1 2 3 |  3.4
Crossbows      | 1 2 3 |  3.4
Throwing       | 1 2 3 |  3.4
Armour         | 1 2 3 |  3.4
Shields        | 1 2 3 |  3.4
Unarmed Combat | 1 2 3 |  3.4
Evocations     | 1 2 3 |  3.4
Hexes          | 1 2 |  2.7
Summonings     | 1 2 |  2.7
Necromancy     | 1 2 |  2.7
Translocations | 1 2 |  2.7
Transmutations | 1 2 |  2.7
Ice Magic      | 1 2 |  2.7
Air Magic      | 1 2 |  2.7
Earth Magic    | 1 2 |  2.7
Poison Magic   | 1 2 |  2.7
Dodging        | 5 |  5.7
Stealth        | 5 |  5.4
Fire Magic     | 6 |  6.2

Action                   |  1- 3 |  4- 6 |  7- 9 || total
-------------------------+-------+-------+-------++-------
Melee: Unarmed           |    14 |       |       ||    14
       Bite              |     2 |     3 |     2 ||     7
       Dagger            |    13 |    78 |    14 ||   105
       Punch             |       |     1 |       ||     1
 Cast: Foxfire           |    40 |    46 |    62 ||   148
       Ensorcelled Hiber |       |       |     2 ||     2
Invok: Stomp             |       |     1 |       ||     1
  Use: Potion            |       |       |    11 ||    11
       Scroll            |       |       |     8 ||     8
 Stab: Sleeping          |     2 |     3 |       ||     5
Armor: Robe              |     9 |     9 |     6 ||    24
Dodge: Dodged            |    44 |    66 |    47 ||   157

Table legend: (Time is in decaauts)
 A = Elapsed time spent in this place.
 B = Non-inter-level travel time spent in this place.
 C = Inter-level travel time spent in this place.
 D = Time resting spent in this place.
 E = Time spent auto-exploring this place.
 F = Levels seen in this place.
 G = Mean time per level.
                   A        B        C        D        E       F      G
               +--------+--------+--------+--------+--------+-----+--------+
         Total |   5887 |   5763 |    124 |      0 |   3819 |   6 |  981.2 |
       Dungeon |   5887 |   5763 |    124 |      0 |   3819 |   6 |  981.2 |
               +--------+--------+--------+--------+--------+-----+--------+

Top non-repeatable levels by time:
     D:3: 1484 daAuts
     D:5: 1453 daAuts
     D:1: 1062 daAuts
     D:4: 1042 daAuts
     D:2: 760 daAuts
     D:6: 84 daAuts
